AoeStats
← Rolito

Arabia

510843237Analyzed
2v2 RM · 11h ago on Oct 2, 2026· 34m 27s· 4 players
Game mode
Random Map
Map size
Medium (4 player)
Population
200
Speed
Normal
Resources
Standard
Victory
Conquest
Starting age
Dark Age
Ending age
Imperial Age
RankedLock teamsTeams togetherTeam positionsShared explorationLock speedFull tech treeHidden civsTurbo modeCheats
Victory
Defeat
🇪🇸 Franks · Spain
735
+18
🇨🇦 Mongols · Canada
714
+19
🇨🇴 Aztecs · Colombia
795
-19
🇨🇴 Cumans · Colombia
759
-18
j.santosddd
1:12 Loom
10:23 Feudal Age
22:28 Castle Age
20:44 Stone Mining
24:05 Husbandry
25:23 Wheelbarrow
26:21 Scale Barding Armor
26:27 Forging
ClpHewitt
2:22 Loom
10:43 Feudal Age
11:25 Horse Collar
14:33 Double-Bit Axe
19:22 Castle Age
19:14 Man-at-Arms
20:15 Forging
21:58 Iron Casting
20:47 Long Swordsman
21:43 Heavy Plow
21:56 Bow Saw
24:24 Scale Mail Armor
29:00 Wheelbarrow
28:20 Fletching
29:47 Pikeman
30:27 Squires
32:25 Thumb Ring
33:37 Bodkin Arrow
33:48 Scale Barding Armor
Rolito
11:31 Feudal Age
17:14 Arson
19:41 Castle Age
19:11 Forging
19:02 Scale Mail Armor
21:05 Eagle Warrior
21:46 Squires
27:03 Chain Mail Armor
27:24 Iron Casting
36:28 Imperial Age
liam
11:42 Feudal Age
12:38 Double-Bit Axe
15:32 Horse Collar
20:45 Forging
28:10 Castle Age
26:56 Scale Barding Armor
Connection lost

Rejoining the realm…

Still unreachable

The connection could not be restored.

Session expired

The server has moved on; the page needs a fresh start.